 Dungeon Crawl Stone Soup version 0.20-a0-1086-g4bd2f5b (webtiles) character file.

275 qqqbard the Cudgeler (level 6, -6/38 HPs)
             Began as a Gargoyle Berserker on May 1, 2017.
             Was a Believer of Trog.
             Killed by divine providence
             ... invoked by an orc priest
              (9 damage)
             ... on level 4 of the Dungeon.
             The game lasted 00:03:59 (3152 turns).

qqqbard the Cudgeler (Gargoyle Berserker)           Turns: 3152, Time: 00:04:00

Health: -6/38      AC: 15    Str: 21    XL:     6   Next: 24%
Magic:  6/6        EV: 14    Int: 13    God:    Trog [**....]
Gold:   200        SH:  0    Dex: 15    Spells: 5/5 levels left

rFire    . . .     SeeInvis .   o - +1 mace (crush)
rCold    . . .     Gourm    .   (no shield)
rNeg     + . .     Faith    .   y - +0 chain mail
rPois    ∞         Spirit   .   (no helmet)
rElec    +         Reflect  .   s - +0 cloak
rCorr    .         Harm     .   (no gloves)
MR       .....                  (no boots)
Stlth    ..........             (no amulet)
Regen    0.2/turn               (no ring)
MPRegen  0.1/turn               (no ring)

@: brilliant, agile
A: negative energy resistance 1, electricity resistance, unbreathing,
petrification resistance, rot immunity, AC +4
a: Berserk, Trog's Hand, Burn Spellbooks, Renounce Religion


You were on level 4 of the Dungeon.
You worshipped Trog.
Trog was pleased with you.
You were hungry.

You visited 1 branch of the dungeon, and saw 4 of its levels.

You collected 200 gold pieces.

Inventory:

Hand Weapons
 o - a +1 mace of crushing (weapon)
Armour
 s - a +0 cloak (worn)
 y - a +0 chain mail (worn)
Jewellery
 i - an uncursed ring of protection from fire {unknown}
 p - an uncursed ring of fire {unknown}
 w - a cursed +6 ring of strength {unknown}
Wands
 r - a wand of confusion (31/48)
Scrolls
 d - a scroll of teleportation {unknown}
 h - a scroll of noise {unknown}
 k - 4 scrolls of identify {unknown}
 l - 2 scrolls of remove curse {unknown}
 m - a scroll of magic mapping {unknown}
 v - a scroll of immolation {unknown}
Potions
 b - a potion of degeneration {unknown}
 e - a potion of haste {unknown}
 f - 3 potions of curing
 n - a potion of brilliance
 t - a potion of mutation {unknown}
 x - a potion of berserk rage {unknown}
Comestibles
 a - 2 fruits
 c - 7 bread rations
 g - a royal jelly
 j - a meat ration
 z - 3 chunks of flesh


   Skills:
 + Level 4.2 Fighting
 * Level 4.5 Maces & Flails
 + Level 4.0 Armour
 + Level 2.8 Dodging


You had 5 spell levels left.
You didn't know any spells.

Dungeon Overview and Level Annotations

Branches:
Dungeon (4/15)
 Temple: D:4-7

Altars:
Cheibriados
Ru
Wu Jian

Annotations:
D:4 Grinder


Innate Abilities, Weirdness & Mutations

You are resistant to torment.
Your stone body is resilient. (AC +4)
You are immune to poison.
You resist negative energy. (rN+)
You are resistant to electric shocks. (rElec)
You can survive without breathing.
You are immune to petrification.
You are immune to rotting.


Message History

* * * LOW HITPOINT WARNING * * *
The orc priest miscasts a cantrip.
It was a potion of curing.
You feel better.
You miss something.
The orc priest mumbles some strange prayers to Beogh against you.
Beogh smites you!
* * * LOW HITPOINT WARNING * * *
You hear some strange, mumbled words.
Something tries to affect you, but you resist.
You hear a shout!
It was a potion of brilliance.
You feel clever all of a sudden. Something hits you but does no damage.
It was a potion of agility.
You feel agile all of a sudden. Something barely misses you.
It was a potion of magic.
Magic courses through your body.
The orc priest calls down the wrath of Beogh upon you.
Beogh smites you!
You die...

.. #################...
.............o......
##..########.5..### ####
##..#.(.....#### #...
####..........################...
......#######oo.@...........[)...
####### #################....
##... ###########...
#............( #.............
#..........##. ####..#..######.
## #....###..#####.


You could see 2 orc priests.

Vanquished Creatures
  A howler monkey (D:4)
  An iguana (D:4)
  An orc wizard (D:4)
  A worker ant (D:4)
  5 adders
  4 oozes
  2 worms (D:2)
  4 dart slugs
  13 orcs
  3 bats
  3 giant cockroaches
  7 goblins
  6 hobgoblins
  4 jackals (D:1)
  5 kobolds
  3 frilled lizards
  4 rats
67 creatures vanquished.

Notes
Turn   | Place    | Note
-------+----------+-------------------------------------------
     0 | D:1      | qqqbard the Gargoyle Berserker began the quest for the Orb.
     0 | D:1      | Reached XP level 1. HP: 14/14 MP: 1/1
   139 | D:1      | Reached XP level 2. HP: 19/19 MP: 2/2
   293 | D:1      | Reached XP level 3. HP: 16/23 MP: 3/3
   571 | D:1      | Reached ** piety under Trog
   584 | D:2      | Found a sacrificial altar of Ru.
   674 | D:2      | Found a snail-covered altar of Cheibriados.
   999 | D:3      | Found an ornate altar of the Wu Jian Council.
  1039 | D:3      | Reached XP level 4. HP: 18/28 MP: 4/4
  2330 | D:4      | Reached XP level 5. HP: 27/33 MP: 5/5
  2481 | D:4      | Reached XP level 6. HP: 5/38 MP: 6/6
  2865 | D:4      | Noticed Grinder
  2874 | D:4      | Paralysed by Grinder for 7 turns
  3152 | D:4      | Killed from afar by an orc priest

Vault maps used:
D:1:      matt_arrival_diagonals, serial_corexii_hall, corexii_hall_statues_l,
          corexii_hall_statues_i, hangedman_decor_riveting,
          roderic_serpentine_path
D:2:      kb_forest_paths, nicolae_ru_awakened_eye, kennysheep_vampire_church,
          kennysheep_slug_shrine
D:3:      overflow_temple_1_default, first_bread
D:4:      grunt_temple_overflow_gold_and_silver, minmay_surrounded,
          uniq_grinder, uniq_ijyb

Skill      XL: |  1  2  3  4  5  6 |
---------------+-------------------+-----
Dodging        | 2 |  2.8
Armour         | 3 4 |  4.0
Maces & Flails | 4 |  4.5
Fighting       | 4 |  4.2

Action                   |  1- 3 |  4- 6 || total
-------------------------+-------+-------++-------
Melee: Mace              |   110 |   159 ||   269
  Use: Potion            |       |     4 ||     4
 Stab: Sleeping          |     1 |       ||     1
  Eat: Chunk             |     1 |     6 ||     7
Armor: Animal skin       |    36 |    21 ||    57
       Scale mail        |       |    54 ||    54
       Chain mail        |       |    38 ||    38
Dodge: Dodged            |    72 |   113 ||   185
